 Dungeon Crawl Stone Soup version 0.27.1-35-g4d5d836560 (webtiles) character file.

Game seed: 2410356815979537989

140 cbfl8 the Sneak (level 5, -1/46 HPs)
             Began as a Minotaur Delver on Mar 18, 2022.
             Was an Initiate of Yredelemnul.
             Succumbed to a scorpion's poison
             ... on level 4 of the Dungeon.
             The game lasted 00:01:22 (702 turns).

cbfl8 the Sneak (Minotaur Delver)                    Turns: 702, Time: 00:01:22

Health: -1/46      AC:  3    Str: 16    XL:     5   Next: 2%
Magic:  4/4        EV: 12    Int:  7    God:    Yredelemnul [......]
Gold:   18         SH:  0    Dex: 13    Spells: 4/4 levels left

rFire    . . .     SeeInvis .   j - +0 battleaxe
rCold    . . .     Faith    .   (shield currently unavailable)
rNeg     . . .     Spirit   .   b - +0 leather armour
rPois    .         Reflect  .   (helmet restricted)
rElec    .         Harm     .   (no cloak)
rCorr    .         Rampage  .   (no gloves)
Will     .....                  (no boots)
Stlth    +++.......             (no amulet)
HPRegen  0.15/turn              (no ring)
MPRegen  0.09/turn              (no ring)

@: lethally poisoned (-1 -> -12)
A: horns 2, retaliatory headbutt
a: Renounce Religion


You were on level 4 of the Dungeon.
You worshipped Yredelemnul.
Yredelemnul was noncommittal.
You visited 2 branches of the dungeon, and saw 3 of its levels.

You collected 18 gold pieces.

Inventory:

Hand Weapons
 a - a +0 hand axe
 j - a +0 battleaxe (weapon)
Armour
 b - a +0 leather armour (worn)
Wands
 g - a wand of digging (3)
Scrolls
 c - 2 scrolls of fog
 d - 2 scrolls of magic mapping
 e - a scroll of fear
 i - a scroll of enchant armour {unknown}
 k - a scroll of amnesia {unknown}
Potions
 f - a potion of haste
 h - a potion of curing {unknown}


   Skills:
 + Level 4.1 Fighting
 + Level 3.2 Axes
 + Level 0.2 Armour
 + Level 2.5 Dodging
 + Level 5.5 Stealth


You had 4 spell levels left.
You didn't know any spells.
Your spell library contained the following spells:

 Spells                   Type           Power      Damage    Failure   Level
 Magic Dart               Conj           0%         1d3       50%         1
 Call Imp                 Summ           0%         N/A       65%         2
 Mephitic Cloud           Conj/Pois/Air  0%         N/A       86%         3


Dungeon Overview and Level Annotations

Branches:
Dungeon (5/15)             Temple (1/1) D:5

Altars:
Elyvilon
Fedhas
Kikubaaqudgha
Sif Muna
Yredelemnul


Innate Abilities, Weirdness & Mutations

You have a pair of horns on your head.
You reflexively headbutt those who attack you in melee.


Message History

You see here a quokka corpse.
c - 2 scrolls of fog (gained 1)
A white imp comes into view.
The white imp shouts!
A scorpion comes into view.
Found 13 stones.
You slash the white imp!
You kill the white imp!
Yredelemnul accepts your kill.
You have reached level 5!
You closely miss the scorpion. Your headbutt misses the scorpion.
The scorpion stings you.
You are poisoned.
The scorpion poisons you! The scorpion closely misses you.
You furiously retaliate!
You headbutt the scorpion, but do no damage.
You hit the scorpion.
The scorpion is moderately wounded.
You feel very sick. The scorpion stings you. x2
You barely miss the scorpion.
The scorpion is moderately wounded.
You feel very sick. The scorpion barely misses you.
The scorpion closely misses you.
You closely miss the scorpion. Your headbutt misses the scorpion.
The scorpion is moderately wounded.
You feel sick. The scorpion stings you. The scorpion closely misses you.
You closely miss the scorpion.
The scorpion is lightly wounded.
You feel sick. The scorpion stings you.
* * * LOW HITPOINT WARNING * * *
You are lethally poisoned!
The scorpion poisons you! The scorpion stings you!
* * * LOW HITPOINT WARNING * * *
As you read the scroll of fear, it crumbles to dust.
You assume a fearsome visage.
The scorpion looks frightened!
* * * LOW HITPOINT WARNING * * *
You feel very sick.
You die...
Your body rises from the dead as a mindless zombie.

#.# #..## #.# #†.#
##.## #†.##
...####.... ###
#..##...### # #..
#..##.#.... #.#.#
###..##......
#.#.####............
#..@........########
###.####.##.# #.#
#.##.# #s# #.##.#
#.# #.##.# #.#
#.##.# #(# #.##.#
#.. #.# #..


You could see a scorpion (fleeing).

Vanquished Creatures
  A water moccasin (D:5)
  A hound zombie (D:5)
  A hound skeleton (D:5)
  A white imp (D:4)
  A ball python (D:4)
  A hobgoblin (D:4)
  A quokka (D:4)
7 creatures vanquished.

Notes
Turn   | Place    | Note
-------+----------+-------------------------------------------
     0 | D:5      | cbfl8 the Minotaur Delver began the quest for the Orb.
     0 | D:5      | Reached XP level 1. HP: 19/19 MP: 0/0
    16 | D:5      | Reached XP level 2. HP: 27/27 MP: 1/1
   147 | D:5      | Noticed a water moccasin
   165 | D:5      | Killed a water moccasin
   166 | D:5      | Reached skill level 5 in Stealth
   166 | D:5      | Reached XP level 3. HP: 15/33 MP: 2/2
   166 | D:5      | Reached XP level 4. HP: 18/40 MP: 3/3
   566 | D:5      | Found a staircase to the Ecumenical Temple.
   595 | Temple   | Entered the Ecumenical Temple
   622 | Temple   | Became a worshipper of Yredelemnul the Dark
   692 | D:4      | Noticed a scorpion
   694 | D:4      | Reached XP level 5. HP: 46/46 MP: 4/4
   701 | D:4      | HP: 2/46 [poisoned by a scorpion]
   702 | D:4      | Succumbed to a scorpion's poison

Illustrated notes

Levels and vault maps discovered:
D:4:      layout_loops_ring, mainiacjoe_overflow_24_doors, uniq_grinder
D:5:      layout_cave_pods, bloody_trog, gammafunk_temple_overflow_statue,
          minmay_temple_entry_offerings, minmay_shop_enchanted_jewellery,
          minmay_misc_feat_room, uniq_menkaure
Temple:   cyrus_temple_forest

Skill      XL: |  1  2 |
---------------+-------+-----
Fighting       | 4 |  4.1
Axes           | 3 |  3.2
Stealth        | 5 |  5.5
Armour         | |  0.2
Dodging        | |  2.5

Action                   |  1- 3 |  4- 6 || total
-------------------------+-------+-------++-------
Melee: Hand axe          |    15 |       ||    15
       Headbutt          |     2 |       ||     2
       Battleaxe         |       |     9 ||     9
  Use: Scroll            |       |     1 ||     1
Armor: Leather armour    |     3 |       ||     3
Dodge: Dodged            |    16 |     4 ||    20
